 Dungeon Crawl Stone Soup version 0.28-a0-938-gbc3f381ebc (webtiles) character file.

Game seed: 4244525350231763113

12461 bearlyready the Carver (level 11, -1/102 HPs)
             Began as a Minotaur Monk on Nov 29, 2021.
             Was a High Priest of Okawaru.
             Slain by an anaconda simulacrum (4 damage)
             ... in an ice cave on Nov 30, 2021.
             The game lasted 00:18:49 (11496 turns).

bearlyready the Carver (Minotaur Monk)             Turns: 11496, Time: 00:18:50

Health: -1/102     AC:  8    Str: 19    XL:     11   Next: 62%
Magic:  14/14      EV: 15    Int:  7    God:    Okawaru [*****.]
Gold:   524        SH:  0    Dex: 13    Spells: 10/10 levels left

rFire   + . .      SeeInvis .   W - +4 triple sword (drain)
rCold   . . .      Faith    .   (shield currently unavailable)
rNeg    . . .      Spirit   .   R - +1 ring mail {rF+}
rPois   .          Reflect  .   (helmet restricted)
rElec   .          Harm     .   E - +0 cloak
rCorr   .          Rampage  .   (no gloves)
Will    +....                   (no boots)
Stlth   +.........              m - amulet of regeneration
HPRegen 1.07/turn               M - +4 ring of evasion
MPRegen 0.14/turn               U - ring of willpower

@: constricted
A: horns 2, retaliatory headbutt
a: Renounce Religion, Heroism, Finesse, Duel


You were in an ice cave.
You worshipped Okawaru.
Okawaru was extremely pleased with you.
You visited 2 branches of the dungeon, and saw 13 of its levels.
You also visited: Sewer and Ice Cave.

You collected 699 gold pieces.
You spent 175 gold pieces at shops.

Inventory:

Hand Weapons
 a - a +3 scimitar of flaming
 b - a +5 dagger of venom
 h - a +0 hunting sling
 S - a +0 falchion
 W - a +4 triple sword of draining (weapon)
Missiles
 c - 300 stones
 d - 71 sling bullets
 e - 2 javelins
 t - 68 bolts
 u - 35 poisoned darts (quivered)
 x - 157 arrows
 H - 2 boomerangs
Armour
 i - a +0 robe
 l - a +0 ring mail
 w - a +0 buckler
 E - a +0 cloak (worn)
 Q - a +0 kite shield
 R - a +1 ring mail of fire resistance (worn)
Jewellery
 m - an amulet of regeneration (around neck)
 y - an amulet of guardian spirit
 C - a ring of fire
 D - a ring of flight
 M - a +4 ring of evasion (left hand)
 T - an amulet of the acrobat
 U - a ring of willpower (right hand)
Wands
 s - a wand of flame (25)
 z - a wand of iceblast (16)
 K - a wand of mindburst (10)
 L - a wand of acid (4)
Scrolls
 k - 3 scrolls of amnesia
 n - 3 scrolls of vulnerability
 q - 3 scrolls of teleportation
 G - a scroll of holy word
 I - a scroll of magic mapping
 N - a scroll of enchant weapon
 O - a scroll of fog
 P - a scroll of immolation {unknown}
 V - a scroll of silence {unknown}
Potions
 f - a potion of flight {unknown}
 g - 3 potions of brilliance {unknown}
 j - 2 potions of might
 o - 3 potions of heal wounds {unknown}
 p - 2 potions of haste {unknown}
 v - a potion of degeneration {unknown}
 A - a potion of curing {unknown}
 B - a potion of lignification
 J - a potion of berserk rage {unknown}


   Skills:
 - Level 11.0 Fighting
 + Level 14.9 Long Blades
 - Level 7.0 Armour
 - Level 8.2 Dodging
 - Level 1.5 Stealth
 + Level 6.6 Invocations


You had 10 spell levels left.
You didn't know any spells.
Your spell library contained the following spells:

 Spells                   Type           Power      Damage    Failure   Level
 Freeze                   Ice            0%         1d3       58%         1
 Corpse Rot               Necr/Air       0%         N/A       75%         2
 Ensorcelled Hibernation  Hex/Ice        0%         N/A       75%         2
 Scorch                   Fire           0%         2d5       75%         2
 Dazzling Flash           Conj/Hex       0%         N/A       92%         3
 Frozen Ramparts          Ice            0%         1d2       92%         3
 Dispel Undead            Necr           0%         3d6       100%        4
 Flame Wave               Conj/Fire      0%         2d4       100%        4
 Hailstorm                Conj/Ice       0%         3d3       100%        4
 Agony                    Necr           0%         N/A       100%        5
 Silence                  Hex/Air        0%         N/A       100%        5
 Summon Small Mammal      Summ           Unusable   N/A       N/A         1
 Call Canine Familiar     Summ           Unusable   N/A       N/A         3
 Summon Guardian Golem    Hex/Summ       Unusable   N/A       N/A         3
 Tukima's Dance           Hex            Unusable   N/A       N/A         3
 Death Channel            Necr           Unusable   N/A       N/A         6
 Summon Cactus Giant      Summ           Unusable   N/A       N/A         6

Dungeon Overview and Level Annotations

Branches:
Dungeon (12/15)            Temple (1/1) D:5            Lair (0/6) D:10
    Orc (0/2) D:12          Sewer (visited)           IceCv (1/1)

Altars:
Ashenzari
Cheibriados
Dithmenos
Elyvilon
Fedhas
Gozag
Hepliaklqana
Kikubaaqudgha
Makhleb
Nemelex Xobeh
Okawaru
Qazlal
Ru
Sif Muna
Trog
Uskayaw
Vehumet
Wu Jian
Xom
Yredelemnul
Zin
The Shining One

Shops:
D:9 ?

Annotations:
D:11 3 runed translucent doors, Atlas's ghost, journeyman DjEE; SirDiesAlot's ghost, journeyman MiDe


Innate Abilities, Weirdness & Mutations

You have a pair of horns on your head.
You reflexively headbutt those who attack you in melee.


Message History

A troll simulacrum comes into view.
A troll simulacrum is nearby!
A spriggan simulacrum comes into view.
The troll simulacrum closely misses you.
You furiously retaliate!
You headbutt the troll simulacrum.
The troll simulacrum claws you but does no damage.
The troll simulacrum claws you! The troll simulacrum freezes you!!
You slice the troll simulacrum!!
The troll simulacrum vaporises!
Okawaru accepts your kill.
A white imp, 2 ufetubi and 2 simulacra come into view.
The ufetubus shouts!
The white imp shouts!
A spriggan simulacrum comes into view.
The spriggan simulacrum hits you. The spriggan simulacrum freezes you!
An ice devil comes into view.
The anaconda simulacrum moves out of view.
You are too injured to fight recklessly!
You are too injured to fight recklessly!
You barely miss the spriggan simulacrum.
The spriggan simulacrum barely misses you.
You closely miss the spriggan simulacrum.
The spriggan simulacrum barely misses you.
The anaconda simulacrum barely misses you.
The anaconda simulacrum bites you. The anaconda simulacrum freezes you!!
* * * LOW HITPOINT WARNING * * *
The anaconda simulacrum grabs you. The anaconda simulacrum bites you!
* * * LOW HITPOINT WARNING * * *
The anaconda simulacrum freezes you!!
* * * LOW HITPOINT WARNING * * *
The anaconda simulacrum constricts you.
* * * LOW HITPOINT WARNING * * *
Okay, then.
Okay, then.
Okay, then.
Unknown command.
As you read the scroll labelled CEKHLI YMMEIRO, it crumbles to dust.
It is a scroll of enchant armour.
Your +0 ring mail of fire resistance glows green for a moment.
The anaconda simulacrum bites you.
You die...

##Z.........#
..5.........
Z5.......
..Z.... 5...#
#5.## ##5..#
##ZZ#.≈≈≈.#
#.@## ≈≈#..
#...## ##
##...##
##...# ##...#
#...##
##...##
##.....##
#...∩...#


You could see a white imp, an anaconda simulacrum, a spriggan simulacrum, a
two-headed ogre simulacrum and an ufetubus.

Vanquished Creatures
  Erica (D:11)
  2 two-headed ogres
  A boulder beetle (D:11)
  A skeletal warrior (D:11)
  A deep elf pyromancer (D:11)
  A komodo dragon (D:12)
  4 trolls
  A meliai zombie (D:11)
  2 hornets
  A wraith (D:11)
  2 wyverns (D:10)
  11 yaks
  Eustachio (D:6)
  A steam dragon (D:9)
  2 basilisks (D:10)
  An acid dragon (D:11)
  4 orc warriors (D:9)
  4 ice beasts
  A hornet zombie (D:9)
  A necrophage (D:5)
  5 sky beasts
  An ogre (D:4)
  3 centaurs
  2 bullfrogs
  A gnoll sergeant (D:10)
  5 scorpions
  A wyvern zombie (D:9)
  A water moccasin skeleton (D:6)
  12 killer bees
  3 wights (D:6)
  A howler monkey (D:6)
  A bullfrog zombie (D:6)
  4 centaur zombies
  2 hounds (D:4)
  2 gnoll shamans
  2 jellies
  3 bullfrog skeletons
  2 orc priests
  Jessica (D:2)
  3 iguanas
  7 orc wizards
  A scorpion zombie (D:5)
  Natasha (twice) (D:3)
  A troll simulacrum (IceCv)
  2 howler monkey zombies
  11 gnolls
  12 adders
  A white imp (D:4)
  An ufetubus (D:6)
  2 dart slugs
  21 orcs
  5 endoplasms
  5 giant cockroaches
  7 goblins
  3 hobgoblins
  8 jackals
  A quokka (D:2)
  12 ball pythons
  2 bats
  9 frilled lizards
  9 kobolds
  7 rats
227 creatures vanquished.

Vanquished Creatures (others)
  45 plants (D:11)
  6 withered plants (D:11)
51 creatures vanquished.

Grand Total: 278 creatures vanquished

Notes
Turn   | Place    | Note
-------+----------+-------------------------------------------
     0 | D:1      | bearlyready the Minotaur Monk began the quest for the Orb.
     0 | D:1      | Reached XP level 1. HP: 19/19 MP: 0/0
   174 | D:1      | Reached skill level 4 in Long Blades
   193 | D:1      | Reached XP level 2. HP: 11/26 MP: 1/1
  1028 | D:2      | Reached skill level 5 in Long Blades
  1115 | D:2      | Reached XP level 3. HP: 23/31 MP: 2/2
  1127 | D:2      | Noticed Jessica
  1175 | D:2      | Killed Jessica
  1440 | D:2      | Reached skill level 6 in Long Blades
  1440 | D:2      | Reached XP level 4. HP: 34/39 MP: 3/3
  2096 | D:3      | Noticed Natasha
  2103 | D:3      | Killed Natasha
  2193 | D:3      | Noticed Natasha
  2207 | D:3      | Killed Natasha
  2208 | D:3      | Reached skill level 7 in Long Blades
  2208 | D:3      | Reached XP level 5. HP: 22/45 MP: 4/4
  2464 | D:3      | Found a faded altar of an unknown god.
  3103 | D:4      | Found an ornate altar of the Wu Jian Council.
  3262 | D:4      | Reached skill level 8 in Long Blades
  3313 | D:4      | Noticed an ogre
  3340 | D:4      | Reached XP level 6. HP: 42/51 MP: 5/5
  3513 | D:4      | Reached skill level 9 in Long Blades
  3909 | D:5      | Entered Level 5 of the Dungeon
  4010 | D:5      | Noticed an ice beast
  4053 | D:5      | Killed an ice beast
  4054 | D:5      | Reached skill level 10 in Long Blades
  4054 | D:5      | Reached XP level 7. HP: 57/57 MP: 6/6
  4211 | D:5      | Reached skill level 11 in Long Blades
  4256 | D:5      | Found a glowing drain.
  4267 | Sewer    | Entered a sewer
  4672 | D:5      | Found a staircase to the Ecumenical Temple.
  4768 | D:6      | Reached XP level 8. HP: 64/64 MP: 7/7
  4870 | D:6      | Reached skill level 12 in Long Blades
  5002 | D:6      | Noticed Eustachio
  5026 | D:6      | Killed Eustachio
  5027 | D:6      | Reached skill level 5 in Fighting
  5202 | D:6      | Reached skill level 1 in Armour
  5503 | D:6      | Reached XP level 9. HP: 68/80 MP: 8/8
  6624 | D:8      | Paralysed by a hornet for 2 turns
  6831 | D:8      | Reached skill level 5 in Dodging
  7531 | Temple   | Entered the Ecumenical Temple
  7842 | Temple   | Became a worshipper of Warmaster Okawaru
  7842 | Temple   | Reached * piety under Okawaru
  7842 | Temple   | Reached ** piety under Okawaru
  7941 | D:9      | Reached skill level 1 in Invocations
  8122 | D:9      | Reached skill level 13 in Long Blades
  8122 | D:9      | Reached skill level 5 in Armour
  8137 | D:9      | Reached XP level 10. HP: 51/91 MP: 10/10
  8150 | D:9      | Reached *** piety under Okawaru
  8417 | D:9      | Noticed a two-headed ogre
  8482 | D:9      | Killed a two-headed ogre
  8640 | D:9      | Found Erghopae's Magic Scroll Boutique.
  8702 | D:9      | Found an ancient bone altar of Kikubaaqudgha.
  8929 | D:9      | Bought a scroll of teleportation for 42 gold pieces
  8929 | D:9      | Bought a scroll of enchant weapon for 105 gold pieces
  8929 | D:9      | Bought a scroll of fog for 28 gold pieces
  9070 | D:10     | Entered Level 10 of the Dungeon
  9097 | D:10     | Found a staircase to the Lair.
  9097 | D:10     | Noticed a gargoyle
  9395 | D:9      | Reached **** piety under Okawaru
  9550 | D:10     | Reached skill level 10 in Fighting
 10143 | D:11     | Found a runed translucent gate.
 10144 | D:11     | Found a runed translucent gate.
 10145 | D:11     | Found a runed translucent gate.
 10146 | D:11     | Noticed SirDiesAlot's ghost (journeyman MiDe)
 10147 | D:11     | Noticed Atlas's ghost (journeyman DjEE)
 10165 | D:11     | Noticed a boulder beetle
 10190 | D:11     | Killed a boulder beetle
 10270 | D:11     | Noticed Erica
 10302 | D:11     | Killed Erica
 10303 | D:11     | Reached XP level 11. HP: 91/101 MP: 13/13
 10332 | D:11     | Noticed a deep elf pyromancer
 10351 | D:11     | Killed a deep elf pyromancer
 10351 | D:11     | Reached ***** piety under Okawaru
 10352 | D:11     | Reached skill level 14 in Long Blades
 10502 | D:11     | Reached skill level 5 in Invocations
 10512 | D:11     | Noticed a skeletal warrior
 10528 | D:11     | Killed a skeletal warrior
 10822 | D:11     | Received a gift from Okawaru
 11398 | D:12     | Noticed a two-headed ogre
 11406 | D:12     | Killed a two-headed ogre
 11471 | D:12     | Found a frozen archway.
 11479 | IceCv    | Entered an ice cave
 11495 | IceCv    | HP: 4/102 [anaconda simulacrum (19)]
 11496 | IceCv    | Slain by an anaconda simulacrum

Illustrated notes

Levels and vault maps discovered:
D:1:      dpeg_arrival_arbitrary_a, layout_loops_ring
D:2:      layout_loops_cross, minmay_between, uniq_jessica
D:3:      layout_loops_ring, shapermc_ecumenical_altar_totnotflames,
          uniq_natasha
D:4:      layout_cave_pods, mainiacjoe_overflow_24_doors
D:5:      layout_rooms, minmay_temple_entry_from_below_a, portal_sewer_entry_d
D:6:      layout_loops_corners, roderic_roman_lattice, uniq_eustachio
D:7:      layout_loops_ring
D:8:      layout_gridville
D:9:      layout_irregular_city, mainiacjoe_overflow_alcove_1, serial_shops,
          nicolae_inconvenience_store
D:10:     layout_loops_ring, david_lair_generic, minmay_fractal_squares_5
D:11:     minmay_skewed_foursquare, layout_loops_corners,
          gammafunk_ghost_cemetery, kennysheep_boxes, uniq_erica
D:12:     layout_cave_pools, hiddenorc1_lemuel, portal_ice_cave_entry_pillars_2,
          grunt_ogre_cave, minmay_hedge_maze, nicolae_take_the_stairs
Temple:   mainiacjoe_temple_cubbyholes
IceCv:    ice_cave_small_demon

Skill      XL: |  1  2  3  4  5  6  7  8  9 10 11 |
---------------+----------------------------------+-----
Long Blades    | 4 5 6 7 8 10 11 12 13 14 | 14.9
Fighting       | 7 9 10 11 | 11.0
Armour         | 2 5 7 |  7.0
Dodging        | 4 5 7 8 |  8.2
Invocations    | 2 4 6 |  6.6
Stealth        | |  1.5

Action                   |  1- 3 |  4- 6 |  7- 9 | 10-12 || total
-------------------------+-------+-------+-------+-------++-------
Melee: Falchion          |    60 |       |    23 |     4 ||    87
       Headbutt          |     7 |    13 |    77 |    66 ||   163
       Dagger            |     7 |   142 |   331 |   222 ||   702
       Scimitar          |       |       |       |    60 ||    60
       Triple sword      |       |       |       |    26 ||    26
Throw: Stone             |     2 |       |       |       ||     2
       Dart              |       |     6 |     3 |    13 ||    22
Invok: Heroism           |       |       |       |     1 ||     1
Evoke: Wand              |       |     1 |       |     2 ||     3
  Use: Potion            |     1 |     1 |     1 |     1 ||     4
       Scroll            |       |     4 |     2 |     4 ||    10
 Stab: Sleeping          |     1 |     2 |       |       ||     3
Armor: Robe              |     6 |       |       |       ||     6
       Ring mail         |     9 |    33 |    71 |    66 ||   179
       Skin              |     5 |     7 |     8 |     8 ||    28
Dodge: Dodged            |    31 |    62 |   132 |   192 ||   417
Block: Buckler           |       |       |    24 |    49 ||    73

Table legend: (Time is in decaauts)
 A = Elapsed time spent in this place.
 B = Non-inter-level travel time spent in this place.
 C = Inter-level travel time spent in this place.
 D = Time resting spent in this place.
 E = Time spent auto-exploring this place.
 F = Levels seen in this place.
 G = Mean time per level.
                   A        B        C        D        E       F      G
               +--------+--------+--------+--------+--------+-----+--------+
         Total |  11345 |  10863 |    482 |    518 |   8192 |  15 |  756.3 |
       Dungeon |  10738 |  10318 |    420 |    518 |   7791 |  12 |  894.8 |
        Temple |    353 |    291 |     62 |      0 |    289 |   1 |  353.0 |
         Sewer |    235 |    235 |      0 |      0 |    104 |   1 |  235.0 |
      Ice Cave |     17 |     17 |      0 |      0 |      7 |   1 |   17.0 |
               +--------+--------+--------+--------+--------+-----+--------+

Top non-repeatable levels by time:
     D:9: 1398 daAuts
     D:6: 1288 daAuts
    D:11: 1183 daAuts
     D:2: 1089 daAuts
     D:1: 973 daAuts
     D:4: 937 daAuts
     D:3: 887 daAuts
     D:8: 823 daAuts
    D:10: 742 daAuts
     D:7: 676 daAuts
     D:5: 595 daAuts
  Temple: 353 daAuts
   Sewer: 235 daAuts
    D:12: 142 daAuts
   IceCv: 17 daAuts
